 Dungeon Crawl Stone Soup version 0.31-a0-981-geadf994542 (webtiles) character file.

Game seed: 5119671983918088931

66 strifetoe the Changeling (level 4, 0/32 HPs)
             Began as a Djinni Shapeshifter on Nov 2, 2023.
             Slain by a gnoll
             ... wielding a +0 halberd
              (12 damage)
             ... on level 2 of the Dungeon.
             The game lasted 00:02:18 (1434 turns).

strifetoe the Changeling (Djinni Shapeshifter)      Turns: 1434, Time: 00:02:19

Health: 0/32       AC:  8    Str: 15    XL:     4   Next: 37%
Gold:   64         EV:  7    Int: 11    God:
                   SH:  0    Dex: 13

rFire   + +          .
                       - Unarmed
rCold   x . .        (no shield)
rNeg    . . .        e - +0 chain mail
rPois   ∞            (helmet currently unavailable)
rElec   .            (cloak currently unavailable)
rCorr   .            (gloves currently unavailable)
SInv    .            (boots unavailable)
Will    .....        (no amulet) Stlth
                     (no ring)
HPRegen 0.25/turn    (no ring)
MPRegen 0.00/turn

%: infuse magic (-1 HP)
@: beast-form, flying
A: beast (slay +2), flying, sickness immunity, fire resistance 2, cold
vulnerability 1, float, innate caster, HP casting, extra vitality 1
a: Begin Untransformation


You were on level 2 of the Dungeon.
You were a hulking beast.
You visited 1 branch of the dungeon, and saw 2 of its levels.

You collected 64 gold pieces.

Inventory:

Armour
 a - a +0 animal skin
 e - a +0 chain mail (worn)
Jewellery
 g - an amulet of faith
Talismans
 c - a beast talisman
 d - a flux talisman
Scrolls
 f - a scroll of identify {unknown}
 h - a scroll of fog {unknown}
 i - a scroll of noise {unknown}
 j - a scroll of vulnerability {unknown}
 n - a scroll of blinking {unknown}
Potions
 b - a potion of lignification
 l - a potion of brilliance {unknown}
 m - a potion of might {unknown}


   Skills:
 - Level 1.0 Fighting
 - Level 2.1 Dodging
 - Level 3.0 Unarmed Combat
 + Level 4.2 Shapeshifting


You knew the following spells:

 Your Spells              Type           Power      Damage    Failure   Level
a - Freeze                Ice            0%         1d3       99%         1
Your spell library was empty.

Dungeon Overview and Level Annotations

Branches:
Dungeon (2/15)

Altars:

Shops:
D:1 !


Innate Abilities, Weirdness & Mutations

You are a hulking beast.
Your limbs bulge with bestial killing power. (Slay +2)
You are flying.
You are immune to sickness and miasma.
You are immune to poison.
Your flesh is very heat resistant. (rF++)
You are vulnerable to cold. (rC-)
You float through the air rather than walking.
You learn spells naturally, not from books.
Your magical power is your life essence.
You have superior vitality. (+4 MHP)


Message History

The gnoll is severely wounded.
A gnoll comes into view. It is wielding a +0 flail.
The gnoll completely misses you.
You hit the gnoll but do no damage.
The gnoll is severely wounded.
The gnoll hits you with a +0 whip!
You hit the gnoll.
You kill the gnoll!
The ball python bites you but does no damage.
The ball python grabs you. The ball python constricts you.
You hit the ball python.
You kill the ball python!
The gnoll barely misses you. The gnoll hits you with a +0 halberd.
Things that are here:
a +0 whip; a ball python corpse; a gnoll corpse You hit the gnoll.
The gnoll is lightly wounded.
The gnoll hits you with a +0 halberd.
You hit the gnoll.
The gnoll is lightly wounded.
The gnoll hits you with a +0 halberd!
You are too injured to fight recklessly!
You are too injured to fight recklessly!
You are too injured to fight recklessly!
You are too injured to fight recklessly!
You are too injured to fight recklessly!
You are too injured to fight recklessly!
You are too injured to fight recklessly!
You are too injured to fight recklessly!
Unknown command.
The gnoll hits you but does no damage. The gnoll attacks as it pursues you!
The gnoll hits you but does no damage. The gnoll attacks as it pursues you!
The gnoll closely misses you. The gnoll attacks as it pursues you!
The gnoll hits you from afar with a +0 halberd!
* * * LOW HITPOINT WARNING * * *
It was a potion of curing.
You feel better.
The gnoll hits you from afar with a +0 halberd!
You die...

##############
#............#
#.########.###
#.# #.# #.# #.#
#.# #.#
#############.#
#.#
......g)gg.h..#
#.#
###############
#.# #.# #.# #.#
#<# ###


You could see 3 gnolls.

Vanquished Creatures
  2 gnolls (D:2)
  5 bats
  5 endoplasms
  2 goblins (D:1)
  5 hobgoblins
  4 jackals (D:2)
  2 kobolds
  3 quokkas (D:1)
  4 ball pythons
  3 frilled lizards
  10 rats
45 creatures vanquished.

Notes
Turn   | Place    | Note
-------+----------+-------------------------------------------
     0 | D:1      | strifetoe the Djinni Shapeshifter began the quest for the
                  | Orb.
     0 | D:1      | Reached XP level 1. HP: 17/17 MP: 0/0
     3 | D:1      | Found Vigueneg's Distillery.
    49 | D:1      | Reached skill level 3 in Shapeshifting
    67 | D:1      | Reached XP level 2. HP: 21/22 MP: 0/0
   641 | D:1      | Reached XP level 3. HP: 27/27 MP: 0/0
   641 | D:1      | Learned a level 1 spell: Freeze
  1305 | D:2      | Reached skill level 4 in Shapeshifting
  1305 | D:2      | Reached XP level 4. HP: 23/32 MP: 0/0
  1434 | D:2      | Slain by a gnoll

Illustrated notes

Levels and vault maps discovered:
D:1:      onia_arrival_handbag, layout_rooms, serial_co_window_serial,
          co_window_corner_a, co_window_corner_a, co_window_corner_a,
          co_window_paths_a, co_window_corner_a, co_window_corner_ca,
          co_window_broadway_a, co_window_broadway_c, co_window_unsneaky_path_c,
          co_window_unsneaky_path_c, co_window_2corner, glass_columns_a,
          glass_columns_a, glass_columns_c, serial_shops, shop_fountains,
          serial_bayou_pond_e, nrook_mini_backslash
D:2:      minmay_spotlight, layout_basic,
          dreamdust_ecumenical_altar_drowned_temple, uniq_crazy_yiuf_cottage,
          uniq_terence

Skill      XL: |  1  2  3 |
---------------+----------+-----
Shapeshifting  | 3 4 |  4.2
Fighting       | |  1.0
Dodging        | |  2.1
Unarmed Combat | |  3.0

Action                     |  1- 3 |  4- 6 || total
---------------------------+-------+-------++-------
  Melee: Unarmed           |   122 |    13 ||   135
    Use: Potion            |       |     1 ||     1
 Armour: Chain mail        |    93 |    13 ||   106
         Animal skin       |     1 |       ||     1
  Dodge: Dodged            |    46 |     7 ||    53

Table legend: (Time is in decaauts)
 A = Elapsed time spent in this place.
 B = Non-inter-level travel time spent in this place.
 C = Inter-level travel time spent in this place.
 D = Time resting spent in this place.
 E = Time spent auto-exploring this place.
 F = Levels seen in this place.
 G = Mean time per level.
                   A        B        C        D        E       F      G
               +--------+--------+--------+--------+--------+-----+--------+
         Total |   1425 |   1352 |     73 |      5 |    999 |   2 |  712.5 |
       Dungeon |   1425 |   1352 |     73 |      5 |    999 |   2 |  712.5 |
               +--------+--------+--------+--------+--------+-----+--------+

Top non-repeatable levels by time:
     D:1: 1003 daAuts
     D:2: 422 daAuts
